AoeStats
← CaptainThomas

Golden Pit

503246177Analyzed
1v1 RM · 1mo ago on Aug 30, 2026· 23m 29s· 2 players
Game mode
Random Map
Map size
Tiny (2 player)
Population
200
Speed
Normal
Resources
Standard
Victory
Conquest
Starting age
Dark Age
Ending age
Imperial Age
RankedLock teamsTeams togetherTeam positionsShared explorationLock speedFull tech treeHidden civsTurbo modeCheats
Victory
Defeat
🇫🇷 Sicilians · France
1644
+14
🇹🇷 Malay · Türkiye
1605
-14
[OGL] antibiyotik
9:13 Loom
11:13 Feudal Age
14:54 Castle Age
13:22 Horse Collar
17:43 Double-Bit Axe
CaptainThomas
10:28 Feudal Age
15:22 Castle Age
13:54 Double-Bit Axe
14:06 Horse Collar
15:20 Scale Barding Armor
15:56 Bloodlines
17:37 Loom
19:32 Wheelbarrow
20:18 Forging
22:03 Gold Mining
Connection lost

Rejoining the realm…

Still unreachable

The connection could not be restored.

Session expired

The server has moved on; the page needs a fresh start.